Map: Ever Dream LE

Players

DisK

  • Race: Protoss Protoss
  • League: Master
  • Spawn Location: 1:00

Scarlett - Winner!

  • Race: Zerg Zerg
  • Spawn Location: 7:00

Event: DreamHack SC2 Masters 2020 Summer North America

VOD

Have the link to the VOD?

Description

Time

  • Played on: July 2, 2020, 3:24 p.m.
  • Length: 11:02

All games in this series

Show
View Real Time Build Order
Export as new Build Order

DisK Protoss 

Build Orders: 1 Gate Expand, Oracle Opening 

Get SALT Encoding   

  12  0:00  Probe  
  13  0:14  Probe  
  13  0:18  Pylon  
  14  0:25  Probe  
  15  0:33  Probe  
  15  0:38  Gateway  
  16  0:43  Probe  
  16  0:47  Assimilator  
  17  0:55  Probe  
  18  1:07  Probe  
  19  1:19  Probe  
  19  1:25  Nexus  
  20  1:32  Cybernetics Core  
  20  1:35  Probe  
  21  1:41  Assimilator  
  21  1:47  Probe  
  21  1:50  Pylon  
  22  1:57  Probe  
  22  1:59  Adept  
  23  2:05  Probe  
  23  2:10  Warp Gate  
  23  2:13  Probe  
  27  2:27  Stalker  
  27  2:29  Stargate  
  27  2:31  Probe  
  28  2:39  Probe  
  28  2:43  Probe  
  32  2:51  Probe  
  32  2:55  Probe  
  34  2:59  Adept  
  34  3:03  Probe  
  37  3:08  Oracle, Probe  
  37  3:11  Pylon  
  38  3:14  Gateway  
  38  3:15  Probe  
  42  3:23  Probe  
  43  3:27  Probe  
  44  3:35  Oracle, Probe  
  44  3:39  Probe  
  44  3:40  Assimilator  
  46  3:42  Assimilator  
  46  3:47  Probe  
  46  3:48  Pylon  
  50  3:52  Probe  
  51  3:59  Probe, Robotics Facility  
  52  4:04  Probe  
  53  4:12  Probe  
  53  4:16  Probe  
  55  4:20  Adept x2  
  55  4:24  Probe  
  60  4:26  Pylon  
  60  4:28  Probe  
  61  4:36  Probe  
  61  4:38  Nexus  
  62  4:41  Pylon  
  62  4:44  Probe  
  62  4:45  Pylon  
  63  4:46  Sentry x2  
  67  4:53  Probe  
  67  4:57  Probe  
  67  4:58  Immortal  
  73  5:06  Probe  
  74  5:09  Probe  
  74  5:13  Sentry x2  
  79  5:18  Forge, Twilight Council, Probe  
  80  5:27  Probe  
  77  5:28  Immortal  
  77  5:30  Shield Battery, Probe  
  77  5:34  Protoss Ground Weapons Level 1  
  74  5:36  Gateway x2  
  74  5:37  Probe  
  74  5:39  Blink  
  74  5:41  Adept, Probe  
  81  5:43  Sentry  
  81  5:48  Probe  
  81  5:49  Probe  
  86  5:57  Probe x2  
  86  5:59  Probe  
  89  6:06  Pylon  
  89  6:08  Sentry, Zealot  
  93  6:12  Probe x2  
  93  6:14  Assimilator  
  93  6:15  Assimilator  
  95  6:19  Observer  
  95  6:22  Pylon  
  95  6:24  Pylon  
  96  6:26  Gateway  
  96  6:27  Gateway  
  96  6:32  Stalker  
  98  6:33  Stalker  
  100  6:43  Gateway  
  100  6:44  Gateway  
  100  6:47  Void Ray  
  100  6:49  Stalker  
  106  6:54  Shield Battery  
  106  6:55  Shield Battery  
  106  6:59  Stalker, Pylon  
  108  7:09  Stalker x2  
  112  7:16  Pylon x2  
  112  7:19  Stalker  
  114  7:27  Stalker x3  
  120  7:41  Zealot  
  120  7:43  Zealot x3  
  128  7:44  Zealot  
  123  7:51  Stalker  
  123  7:52  Stalker x2  
  123  7:56  Warp Prism  
  127  8:02  Probe x3  
  132  8:17  Stalker x4  
  132  8:18  Stalker  
  132  8:19  Stalker x2  
  146  8:32  Probe x2  
  146  8:33  Probe  
  134  8:37  Zealot  
  134  8:41  Zealot x5  
  144  8:56  Stalker x2  
  144  9:01  Pylon  
  148  9:05  Charge  
  148  9:08  Templar Archives  
  146  9:21  Pylon  
  146  9:22  Pylon  
  146  9:32  Pylon  
  146  9:34  Pylon  
  146  9:40  Stalker  
  146  9:41  Stalker  
  150  9:46  Pylon x2  
  150  9:47  Pylon  
  148  9:55  Sentry x2  
  148  9:56  Sentry x2  
  156  10:13  Nexus  
  156  10:16  Pylon  
  156  10:28  Stalker x5  
  158  10:29  Zealot  
  123  10:54  Stalker x4  
  123  10:55  Stalker  
Show
View Real Time Build Order
Export as new Build Order

Scarlett Zerg - Winner!

Build Orders: Hatch First, Lurkers, Swarm Host 

Get SALT Encoding   

  12  0:00  Drone  
  13  0:13  Overlord  
  13  0:17  Drone  
  14  0:31  Drone x2  
  16  0:47  Hatchery  
  15  0:50  Drone  
  15  0:53  Drone  
  17  0:57  Drone  
  18  1:08  Extractor  
  17  1:12  Spawning Pool  
  17  1:16  Drone  
  17  1:18  Drone  
  18  1:29  Drone  
  19  1:39  Drone  
  20  1:45  Hatchery  
  19  1:51  Drone  
  20  2:00  Zergling x2  
  21  2:01  Drone  
  21  2:04  Queen  
  24  2:11  Drone  
  25  2:16  Queen  
  27  2:23  Overlord  
  27  2:27  Drone  
  28  2:34  Metabolic Boost  
  28  2:43  Zergling x2  
  29  2:44  Drone x4  
  32  2:53  Queen  
  32  2:55  Overlord  
  32  2:57  Drone  
  35  3:05  Drone  
  35  3:06  Drone x2  
  35  3:10  Drone  
  39  3:13  Queen  
  41  3:21  Drone x3  
  41  3:25  Overlord  
  41  3:26  Drone x3  
  47  3:33  Overlord  
  47  3:38  Drone x2  
  49  3:43  Overlord  
  49  3:45  Drone  
  50  3:51  Drone x2, Overlord, Queen  
  54  3:56  Queen  
  54  3:57  Drone  
  54  3:59  Drone  
  54  4:00  Drone  
  60  4:02  Drone  
  60  4:03  Drone x2  
  60  4:09  Spore Crawler  
  61  4:15  Drone  
  61  4:16  Drone x5  
  64  4:19  Spore Crawler  
  64  4:21  Drone  
  64  4:27  Drone  
  64  4:28  Drone x4  
  69  4:33  Lair  
  69  4:34  Drone  
  69  4:38  Zergling x10  
  69  4:41  Overlord  
  74  4:46  Roach Warren  
  74  4:47  Extractor  
  74  4:48  Extractor  
  71  4:53  Drone x5  
  71  4:58  Extractor  
  71  4:59  Overlord  
  75  5:00  Zergling x10  
  75  5:04  Drone x3  
  79  5:18  Zergling x2  
  79  5:19  Zergling x2  
  79  5:20  Drone x3  
  74  5:28  Drone x2  
  74  5:29  Drone x4  
  74  5:34  Evolution Chamber  
  78  5:37  Drone x2  
  78  5:38  Drone x2  
  78  5:39  Drone  
  78  5:42  Drone x2  
  85  5:45  Glial Reconstitution, Infestation Pit  
  85  5:47  Drone, Extractor  
  85  5:48  Extractor  
  85  5:49  Evolution Chamber  
  82  5:55  Drone  
  82  5:56  Overlord  
  83  5:59  Hatchery  
  83  6:01  Drone x4  
  83  6:02  Zerg Missile Weapons Level 1  
  86  6:04  Overlord x2  
  86  6:07  Drone  
  86  6:09  Roach x2  
  91  6:12  Overlord  
  91  6:13  Overseer  
  91  6:14  Overlord  
  91  6:18  Roach  
  91  6:19  Nydus Network  
  98  6:25  Roach x3  
  98  6:26  Roach x2  
  98  6:31  Overlord x4  
  102  6:36  Overlord  
  102  6:40  Swarm Host x4  
  114  6:48  Swarm Host  
  114  6:49  Swarm Host  
  120  6:55  Swarm Host  
  120  6:57  Zergling x8  
  127  7:08  Swarm Host x3  
  127  7:09  Unknown  
  127  7:10  Drone  
  127  7:13  Zergling x10  
  127  7:14  Nydus Canal  
  141  7:20  Drone x2  
  141  7:22  Drone  
  144  7:25  Swarm Host x2  
  149  7:39  Roach x6, Zergling x4  
  160  7:49  Roach x3  
  163  7:52  Nydus Canal  
  163  7:54  Roach x5  
  163  8:01  Roach x6, Zergling x2  
  176  8:07  Overlord x2  
  176  8:09  Hydralisk Den  
  175  8:14  Overlord x2  
  175  8:15  Ravager x4  
  179  8:22  Overlord x2  
  179  8:23  Hive  
  179  8:30  Zerg Missile Weapons Level 2  
  179  8:34  Nydus Canal  
  179  8:41  Lurker Den  
  173  8:56  Hydralisk x8  
  189  9:12  Hatchery  
  189  9:15  Ravager x5  
  192  9:19  Roach x3, Zergling x6  
  199  9:28  Overlord  
  199  9:34  Grooved Spines  
  199  9:39  Seismic Spines  
  199  9:50  Lurker  
  199  9:51  Lurker  
  199  9:56  Lurker x3  
  199  10:13  Evolution Chamber  
  196  10:25  Overseer  
  196  10:27  Viper  
  199  10:32  Spore Crawler  
  199  10:33  Spore Crawler  
  197  10:38  Nydus Canal  
Tags
 
Add a new tag
Caveats
  • Supply blocks, unpowered buildings, or Contaminate may cause inaccurate times.
  • Supply counts are checked every 10 seconds.